[Event "Turkish Second League 2019"]
[Site "Konya"]
[Date "2019.07.26"]
[Round "7"]
[White "Yigit, Ahmet Yasir"]
[Black "Dinke, Abdullah"]
[Result "1-0"]
[ECO "C17"]
[WhiteElo "1962"]
[BlackElo "1870"]
[Annotator "NA"]
[PlyCount "65"]
[EventDate "2019.07.22"]
[EventType "team-tourn"]
[EventCountry "TUR"]
[SourceTitle "playchess.com"]
[Source "ChessBase"]
[SourceQuality "1"]
[TimeControl "5400+30"]

1. e4 e6 2. d4 d5 3. Nc3 Bb4 4. e5 c5 5. Bd2 Ne7 6. f4 Nf5 7. Nf3 cxd4 8. Nb5 Ne3 9. Qc1 Bc5 10. Nbxd4 Nxf1 11. Kxf1 O-O 12. g3 Nc6 13. c3 Bd7 14. Be3 Be7 15. Kg2 a6 16. h4 Qc7 17. Qd2 Rac8 18. Rae1 b5 19. a3 Na5 20. Bf2 Nc4 21. Qc2 h6 22. g4 f6 23. Bg3 fxe5 24. fxe5 Qb6 25. g5 Be8 26. gxh6 gxh6 27. Ng5 hxg5 28. hxg5 Rf7 29. Qg6+ Rg7 30. Qh6 Bg6 31. Qh8+ Kf7 32. Ref1+ Bf5 33. g6+ 1-0

[Event "Turkish Second League 2019"]
[Site "Konya"]
[Date "2019.07.26"]
[Round "7"]
[White "Buke, Furkan"]
[Black "Sahutoglu, Mehmet Ibrahim"]
[Result "1-0"]
[ECO "B37"]
[WhiteElo "1959"]
[BlackElo "1898"]
[Annotator "NA"]
[PlyCount "95"]
[EventDate "2019.07.22"]
[EventType "team-tourn"]
[EventCountry "TUR"]
[SourceTitle "playchess.com"]
[Source "ChessBase"]
[SourceQuality "1"]
[TimeControl "5400+30"]

1. e4 c5 2. Nf3 g6 3. d4 cxd4 4. Nxd4 Bg7 5. c4 Nc6 6. Nc2 Nf6 7. Nc3 O-O 8. Be2 d6 9. O-O Be6 10. Be3 Rc8 11. f3 Na5 12. b3 Ng4 13. fxg4 Bxc3 14. Rc1 Nc6 15. g5 Bg7 16. Bg4 Bxg4 17. Qxg4 Qa5 18. Rb1 Qxa2 19. Qd1 Qa5 20. Qe2 a6 21. Bd2 Qb6+ 22. Be3 Qc7 23. Bf2 Qa5 24. Qg4 b5 25. Ne3 Ne5 26. Qh4 Qd8 27. Nd5 f6 28. gxf6 exf6 29. Qh3 Nd7 30. Qe6+ Kh8 31. Qxd6 bxc4 32. bxc4 Rxc4 33. Qxa6 Rxe4 34. Rb7 Re5 35. Nf4 Nb8 36. Qc4 Qc8 37. Rc7 Qa6 38. Qb4 g5 39. Nh5 Bh6 40. Qb1 f5 41. Bd4 Qd6 42. Qb2 Nc6 43. Rxc6 Qxc6 44. Bxe5+ Kg8 45. Qb3+ Rf7 46. Nf6+ Kf8 47. Qb8+ Ke7 48. Ng8+ 1-0

[Event "Turkish Second League 2019"]
[Site "Konya"]
[Date "2019.07.26"]
[Round "7"]
[White "Tahaoglu, Ugur Barkin"]
[Black "Caner, Resul"]
[Result "1-0"]
[ECO "D00"]
[WhiteElo "1939"]
[BlackElo "1921"]
[Annotator "NA"]
[PlyCount "73"]
[EventDate "2019.07.22"]
[EventType "team-tourn"]
[EventCountry "TUR"]
[SourceTitle "playchess.com"]
[Source "ChessBase"]
[SourceQuality "1"]
[TimeControl "5400+30"]

1. d4 d5 2. Bf4 c5 3. e3 Nc6 4. c3 Nf6 5. Nd2 Qb6 6. Qb3 c4 7. Qc2 Nh5 8. Bg5 h6 9. Bh4 e5 10. Be2 Nf6 11. dxe5 Nxe5 12. Ngf3 Ng6 13. Bg3 Bd6 14. Bxd6 Qxd6 15. Rd1 Qc5 16. O-O O-O 17. Nd4 Bd7 18. Bf3 Ne5 19. Be2 Rfe8 20. N2f3 Rac8 21. Nxe5 Rxe5 22. Bf3 Ne4 23. Bxe4 dxe4 24. Ne2 Qe7 25. Rd4 b5 26. Ng3 Re8 27. Rfd1 Bc6 28. Rd6 Re6 29. R6d4 Re5 30. Qe2 g6 31. Qg4 h5 32. Qh3 h4 33. Ne2 g5 34. Qg4 f5 35. Qh5 Qg7 36. Rd6 R8e6 37. Rxc6 1-0

[Event "Turkish Second League 2019"]
[Site "Konya"]
[Date "2019.07.26"]
[Round "7"]
[White "Aksoy, Ayca"]
[Black "Karatiken, Seray"]
[Result "1-0"]
[ECO "D04"]
[WhiteElo "1914"]
[BlackElo "1764"]
[Annotator "NA"]
[PlyCount "71"]
[EventDate "2019.07.22"]
[EventType "team-tourn"]
[EventCountry "TUR"]
[SourceTitle "playchess.com"]
[Source "ChessBase"]
[SourceQuality "1"]
[TimeControl "5400+30"]

1. d4 d5 2. Nf3 c6 3. e3 Nf6 4. Be2 e6 5. O-O Bd6 6. b3 O-O 7. Bb2 b6 8. Nbd2 Bb7 9. c4 Nbd7 10. Rc1 Rc8 11. Ne5 c5 12. f4 cxd4 13. exd4 Bb4 14. Bd3 Qe7 15. Qe2 a5 16. Bc3 Ba3 17. Rce1 Nb8 18. f5 Na6 19. Ng4 Nc7 20. Nb1 Bb4 21. Nxf6+ Qxf6 22. Qg4 Bxc3 23. Nxc3 dxc4 24. fxe6 Qh6 25. exf7+ Kh8 26. bxc4 Qd2 27. Qh3 h6 28. Ne4 Bxe4 29. Rxe4 Rcd8 30. Ref4 Ne6 31. R4f2 Qc3 32. d5 Ng5 33. Qe3 Qb4 34. h4 Nxf7 35. Qe4 Ng5 36. hxg5 1-0

[Event "Turkish Second League 2019"]
[Site "Konya"]
[Date "2019.07.26"]
[Round "7"]
[White "Gurbuz, Bayram"]
[Black "Ozenir, Ekin Baris"]
[Result "0-1"]
[ECO "B50"]
[WhiteElo "1906"]
[BlackElo "2235"]
[Annotator "NA"]
[PlyCount "83"]
[EventDate "2019.07.22"]
[EventType "team-tourn"]
[EventCountry "TUR"]
[SourceTitle "playchess.com"]
[Source "ChessBase"]
[SourceQuality "1"]
[TimeControl "5400+30"]

1. e4 c5 2. Nf3 d6 3. c3 Nf6 4. Bc4 Nc6 5. d3 e6 6. Nbd2 Be7 7. O-O O-O 8. Bb3 d5 9. Qe2 b6 10. Re1 Ba6 11. e5 Nd7 12. Nf1 Rc8 13. Bf4 Re8 14. Ne3 Nf8 15. Bg3 Ng6 16. Qd2 d4 17. cxd4 Nxd4 18. Nxd4 Qxd4 19. Bc4 b5 20. Bb3 Bb7 21. Qc3 Red8 22. Rad1 Rd7 23. Qxd4 Rxd4 24. Nc2 Rd7 25. a4 a6 26. axb5 axb5 27. Ne3 h5 28. h3 Bd8 29. f4 h4 30. f5 hxg3 31. fxg6 Bb6 32. gxf7+ Kxf7 33. Kf1 Ba5 34. Re2 Ke7 35. Bc2 Bb6 36. Ke1 Rf8 37. Ra1 c4 38. dxc4 Bc5 39. Nd1 bxc4 40. Be4 Bd5 41. Ra6 Bf2+ 42. Nxf2 0-1

[Event "Turkish Second League 2019"]
[Site "Konya"]
[Date "2019.07.26"]
[Round "7"]
[White "Akdag, Omer Amir"]
[Black "Yavuz, Sevki Batuhan"]
[Result "1-0"]
[ECO "D05"]
[WhiteElo "1903"]
[BlackElo "1647"]
[Annotator "NA"]
[PlyCount "129"]
[EventDate "2019.07.22"]
[EventType "team-tourn"]
[EventCountry "TUR"]
[SourceTitle "playchess.com"]
[Source "ChessBase"]
[SourceQuality "1"]
[TimeControl "5400+30"]

1. d4 Nf6 2. Nf3 d5 3. e3 b6 4. Bd3 e6 5. b3 Bb7 6. Bb2 Bd6 7. O-O O-O 8. Nbd2 c5 9. Ne5 Nc6 10. a3 cxd4 11. exd4 Bxe5 12. dxe5 Nd7 13. f4 f5 14. exf6 Nxf6 15. Qe1 Qe7 16. Qh4 h6 17. Rae1 Qc5+ 18. Kh1 Rae8 19. Rf3 d4 20. b4 Qh5 21. Qxh5 Nxh5 22. Bg6 Ne7 23. Bxh5 Rc8 24. Rf2 Rxc2 25. Bxd4 Nf5 26. Bg6 Nxd4 27. Bxc2 Nxc2 28. Rxe6 Nxa3 29. Re7 Rf7 30. Rxf7 Kxf7 31. Re2 Nb5 32. Nc4 Kf6 33. Kg1 Bd5 34. Ne5 Kf5 35. Nd3 Kf6 36. Kf2 a5 37. Re5 Bc6 38. bxa5 bxa5 39. Rc5 Be8 40. Nb2 Ke6 41. Re5+ Kf7 42. Nc4 Kf8 43. Nxa5 Nd6 44. g4 Bd7 45. Kf3 Kf7 46. h4 Nc8 47. Nc4 Bc6+ 48. Ke3 Ne7 49. Nd6+ Kf8 50. Rc5 g6 51. Nc8 Nd5+ 52. Kd4 Bb7 53. Nd6 Nxf4 54. Nxb7 Ne6+ 55. Ke5 Nxc5 56. Nxc5 Kf7 57. Ne4 Ke7 58. Nd6 g5 59. hxg5 hxg5 60. Ne4 Kf7 61. Kf5 Kg7 62. Kxg5 Kf7 63. Kh6 Kg8 64. g5 Kh8 65. g6 1-0

[Event "Turkish Second League 2019"]
[Site "Konya"]
[Date "2019.07.26"]
[Round "7"]
[White "Can, Furkan"]
[Black "Cilek, Bora"]
[Result "1-0"]
[ECO "B07"]
[WhiteElo "1900"]
[BlackElo "1948"]
[Annotator "NA"]
[PlyCount "105"]
[EventDate "2019.07.22"]
[EventType "team-tourn"]
[EventCountry "TUR"]
[SourceTitle "playchess.com"]
[Source "ChessBase"]
[SourceQuality "1"]
[TimeControl "5400+30"]

1. d4 Nf6 2. Nf3 g6 3. Nbd2 Bg7 4. e4 d6 5. Bd3 O-O 6. O-O Nc6 7. Re1 e5 8. c3 Nd7 9. Nb3 a5 10. a4 exd4 11. cxd4 Nb4 12. Bf1 d5 13. e5 c6 14. Bg5 Qb6 15. Qd2 Re8 16. h4 Nf8 17. Nc5 Ne6 18. Nxe6 Bxe6 19. h5 Qc7 20. Rac1 Qd7 21. Qf4 Bf5 22. Nh4 Bd3 23. Rc3 Bxf1 24. Rxf1 c5 25. Bf6 Re6 26. Rf3 Nc6 27. Nf5 Nxd4 28. Nxd4 cxd4 29. Qxd4 Rae8 30. hxg6 fxg6 31. Rd1 Bxf6 32. exf6 Re1+ 33. Rxe1 Rxe1+ 34. Kh2 Kf7 35. Qf4 Re6 36. Qh6 Qd6+ 37. g3 Rxf6 38. Qxh7+ Kf8 39. Qh8+ Kf7 40. Qh7+ Kf8 41. Re3 d4 42. Qh8+ Kf7 43. Qe8+ Kg7 44. Re7+ Kh6 45. Qh8+ Kg5 46. Qh4+ Kf5 47. Qh3+ Kg5 48. f4+ Rxf4 49. gxf4+ Qxf4+ 50. Qg3+ Qxg3+ 51. Kxg3 Kf5 52. Kf3 g5 53. Re4 1-0

[Event "Turkish Second League 2019"]
[Site "Konya"]
[Date "2019.07.26"]
[Round "7"]
[White "Abdimanoglu, Beste Basak"]
[Black "Ayazmali, Gizem"]
[Result "1/2-1/2"]
[ECO "A52"]
[WhiteElo "1898"]
[BlackElo "1767"]
[Annotator "NA"]
[PlyCount "75"]
[EventDate "2019.07.22"]
[EventType "team-tourn"]
[EventCountry "TUR"]
[SourceTitle "playchess.com"]
[Source "ChessBase"]
[SourceQuality "1"]
[TimeControl "5400+30"]

1. d4 Nf6 2. c4 e5 3. dxe5 Ng4 4. Nf3 Bc5 5. e3 Nc6 6. Be2 O-O 7. a3 a5 8. b3 Ngxe5 9. O-O Nxf3+ 10. Bxf3 Qf6 11. Ra2 Ne5 12. Nd2 Ra6 13. Bb2 Qe7 14. Ne4 Nxf3+ 15. Qxf3 Rg6 16. Ng3 Qg5 17. Qd5 Qxd5 18. cxd5 Rb6 19. Rc1 d6 20. Ne4 Rxb3 21. Nxc5 dxc5 22. Rxc5 Bf5 23. Bc1 g6 24. Rb2 Rd3 25. Rd2 Rxd2 26. Bxd2 b6 27. Rxc7 Rd8 28. Bc3 Rxd5 29. Bd4 Kf8 30. Rb7 b5 31. h3 Ke8 32. Rb8+ Ke7 33. Rb7+ Bd7 34. Bc3 a4 35. Bb4+ Ke6 36. Rb6+ Ke5 37. Kf1 Be6 38. Ke2 1/2-1/2

[Event "Turkish Second League 2019"]
[Site "Konya"]
[Date "2019.07.26"]
[Round "7"]
[White "Sade, Defne"]
[Black "Nesanir, Selin"]
[Result "1-0"]
[ECO "B27"]
[WhiteElo "1897"]
[BlackElo "1622"]
[Annotator "NA"]
[PlyCount "75"]
[EventDate "2019.07.22"]
[EventType "team-tourn"]
[EventCountry "TUR"]
[SourceTitle "playchess.com"]
[Source "ChessBase"]
[SourceQuality "1"]
[TimeControl "5400+30"]

1. e4 c5 2. Nf3 g6 3. d4 cxd4 4. Qxd4 Nf6 5. e5 Nc6 6. Qa4 Nd5 7. Qb3 Nc7 8. Bf4 Ne6 9. Bg3 Bg7 10. Nc3 b6 11. O-O-O Bb7 12. Nd5 Nc5 13. Qe3 Rc8 14. Kb1 h5 15. Ng5 Bh6 16. f4 Bxg5 17. fxg5 Ne6 18. h4 Na5 19. Be2 Nc4 20. Bxc4 Rxc4 21. Rhf1 O-O 22. Be1 Bxd5 23. Rxd5 Qc7 24. Bc3 Rxh4 25. Rfd1 Rd8 26. g3 Rg4 27. a3 Rxg5 28. Bb4 Kf8 29. g4 a5 30. Bc3 Rxg4 31. Qh6+ Kg8 32. Rf1 Qc4 33. Rdd1 a4 34. Bb4 d6 35. exd6 exd6 36. Bc3 Nd4 37. Rf4 Rxf4 38. Qxf4 1-0

[Event "Turkish Second League 2019"]
[Site "Konya"]
[Date "2019.07.26"]
[Round "7"]
[White "Demirtas, Hafize"]
[Black "Ibrahimova, Sabina"]
[Result "0-1"]
[ECO "B51"]
[WhiteElo "1893"]
[BlackElo "2190"]
[Annotator "NA"]
[PlyCount "172"]
[EventDate "2019.07.22"]
[EventType "team-tourn"]
[EventCountry "TUR"]
[SourceTitle "playchess.com"]
[Source "ChessBase"]
[SourceQuality "1"]
[TimeControl "5400+30"]

1. e4 c5 2. Nf3 Nc6 3. Bb5 d6 4. O-O Bd7 5. Re1 a6 6. Bf1 g6 7. c3 Bg4 8. h3 Bxf3 9. Qxf3 Bg7 10. Na3 Nf6 11. d3 O-O 12. Bf4 e5 13. Bg5 h6 14. Be3 Ne8 15. Qg3 Nc7 16. Be2 Ne6 17. Bd1 Kh7 18. Bb3 Qe7 19. Rad1 b5 20. Bc1 Rae8 21. Bd5 Ncd8 22. Nc2 Nc7 23. Bb3 Nde6 24. Ne3 f5 25. exf5 gxf5 26. Nd5 Nxd5 27. Bxd5 Nc7 28. Bf3 Qf7 29. Qh4 Qf6 30. Qxf6 Bxf6 31. Bh5 Re7 32. d4 cxd4 33. cxd4 e4 34. d5 Be5 35. f3 Bg3 36. Re2 Re5 37. Rc2 Re7 38. Re2 Ne8 39. fxe4 fxe4 40. Bg4 Ng7 41. Rd4 Rfe8 42. Rc2 h5 43. Be2 Kg6 44. a4 Rf8 45. Rd1 bxa4 46. Rf1 Rxf1+ 47. Kxf1 Nf5 48. Rc8 Rf7 49. Kg1 h4 50. Bg4 Kg7 51. Bd2 Be5 52. Bh5 Bd4+ 53. Kh2 Be5+ 54. Kg1 Rb7 55. Bg5 a3 56. bxa3 Rb1+ 57. Rc1 Rb7 58. Bg4 Bd4+ 59. Kh2 Be3 60. Bxe3 Nxe3 61. Re1 Rb3 62. a4 Kf6 63. Bd7 Ke5 64. Bc6 Nxd5 65. Kg1 Rb2 66. Kf1 Nc3 67. g3 hxg3 68. Re3 g2+ 69. Kg1 Kd4 70. Re1 Kd3 71. h4 Ne2+ 72. Kxg2 Nd4+ 73. Kg3 Nxc6 74. Rd1+ Rd2 75. Rb1 e3 76. Rb3+ Ke4 77. h5 Nd4 78. Rb8 Nf5+ 79. Kg4 Rg2+ 80. Kh3 Rg3+ 81. Kh2 Rg5 82. a5 Kf3 83. Rb1 e2 84. h6 Kf2 85. Kh3 Rg3+ 86. Kh2 Rg4 0-1

[Event "Turkish Second League 2019"]
[Site "Konya"]
[Date "2019.07.26"]
[Round "7"]
[White "Isik, Recep"]
[Black "Ucucu, Salih"]
[Result "0-1"]
[ECO "B01"]
[WhiteElo "1893"]
[BlackElo "1819"]
[Annotator "NA"]
[PlyCount "130"]
[EventDate "2019.07.22"]
[EventType "team-tourn"]
[EventCountry "TUR"]
[SourceTitle "playchess.com"]
[Source "ChessBase"]
[SourceQuality "1"]
[TimeControl "5400+30"]

1. e4 d5 2. exd5 Qxd5 3. Nc3 Qd8 4. d4 Nf6 5. Nf3 Bf5 6. Bd3 Bxd3 7. Qxd3 c6 8. O-O e6 9. Re1 Nbd7 10. Ne4 Nxe4 11. Rxe4 Qb6 12. b3 Nf6 13. Re2 O-O-O 14. a4 Bd6 15. a5 Qc7 16. a6 b6 17. Qc4 Nd5 18. Ne5 b5 19. Qxc6 Bxe5 20. Qb7+ Qxb7 21. axb7+ Kxb7 22. Rxe5 Rc8 23. c4 bxc4 24. bxc4 Rxc4 25. Re2 Rhc8 26. Ba3 Ra4 27. Rb1+ Ka8 28. Bd6 Nc3 29. Rc2 Rac4 30. Ra1 Ne4 31. Rxc4 Rxc4 32. Bf8 g6 33. f3 Nc3 34. Kf2 Ra4 35. Rxa4 Nxa4 36. Ke3 Nc3 37. Kf4 f6 38. h4 Kb7 39. g4 Kc6 40. g5 Nd5+ 41. Ke4 f5+ 42. Kd3 Nb6 43. Bb4 a6 44. Bd2 Kd5 45. Be1 Nc4 46. Bf2 a5 47. Kc3 a4 48. Kb4 a3 49. Kb3 Nd2+ 50. Kxa3 Nxf3 51. Kb4 Nxd4 52. Kc3 e5 53. Kd3 e4+ 54. Ke3 Ne6 55. Be1 f4+ 56. Kf2 Kc4 57. Ba5 Kd3 58. Bb6 Nd4 59. Ba5 Nc2 60. Bc7 e3+ 61. Kf3 Nd4+ 62. Kxf4 Ne6+ 63. Ke5 Nxc7 64. Kf6 e2 65. Kg7 e1=Q 0-1

[Event "Turkish Second League 2019"]
[Site "Konya"]
[Date "2019.07.26"]
[Round "7"]
[White "Camlar, Arda"]
[Black "Degirmenci, Yagiz"]
[Result "1-0"]
[ECO "B25"]
[WhiteElo "1889"]
[BlackElo "1923"]
[Annotator "NA"]
[PlyCount "125"]
[EventDate "2019.07.22"]
[EventType "team-tourn"]
[EventCountry "TUR"]
[SourceTitle "playchess.com"]
[Source "ChessBase"]
[SourceQuality "1"]
[TimeControl "5400+30"]

1. e4 c5 2. Nc3 Nc6 3. g3 g6 4. Bg2 Bg7 5. d3 d6 6. f4 e6 7. Nf3 Nge7 8. Be3 Rb8 9. O-O O-O 10. Bf2 b5 11. d4 b4 12. Ne2 Ba6 13. Re1 cxd4 14. Nexd4 Qc7 15. a3 Bc8 16. axb4 Rxb4 17. Rb1 a6 18. Qd2 Rb8 19. Red1 Rd8 20. b3 Nxd4 21. Nxd4 Bb7 22. c4 Nc6 23. Ne2 Ba8 24. b4 Ne7 25. Qa2 Bb7 26. b5 axb5 27. cxb5 Ra8 28. b6 Qd7 29. Qb3 d5 30. e5 Nc6 31. Nc3 Na5 32. Qb5 Bc6 33. Qe2 Qb7 34. Nb5 Nc4 35. Na7 Bf8 36. Rdc1 Rdc8 37. Nxc6 Rxc6 38. Rxc4 dxc4 39. Qf3 Rxb6 40. Qxb7 Rxb7 41. Bxb7 Ra3 42. Be4 Kg7 43. Bd4 c3 44. Bc2 Ra2 45. Bb3 Re2 46. Bxc3 Bc5+ 47. Kh1 h5 48. Rb2 Re3 49. Rc2 Bb6 50. Kg2 h4 51. Bc4 hxg3 52. hxg3 Re4 53. Bd2 Bd8 54. Kf3 Rd4 55. Be3 Rd7 56. Rd2 Rxd2 57. Bxd2 Bc7 58. Bb4 g5 59. Bd6 gxf4 60. Bxc7 fxg3 61. Bd8 Kg6 62. Kxg3 Kf5 63. Bf6 1-0

[Event "Turkish Second League 2019"]
[Site "Konya"]
[Date "2019.07.26"]
[Round "7"]
[White "Kayan, Veli"]
[Black "Zor, Alber Kadir"]
[Result "0-1"]
[ECO "B20"]
[WhiteElo "1863"]
[BlackElo "2160"]
[Annotator "NA"]
[PlyCount "80"]
[EventDate "2019.07.22"]
[EventType "team-tourn"]
[EventCountry "TUR"]
[SourceTitle "playchess.com"]
[Source "ChessBase"]
[SourceQuality "1"]
[TimeControl "5400+30"]

1. e4 g6 2. g3 Bg7 3. Bg2 c5 4. Ne2 Nc6 5. d3 d6 6. O-O e5 7. c3 Nge7 8. Be3 O-O 9. Qd2 Be6 10. Na3 Qd7 11. Nc2 Rad8 12. Bh6 d5 13. Bxg7 Kxg7 14. Rfd1 Bh3 15. Qe1 Bxg2 16. Kxg2 f5 17. f4 fxe4 18. dxe4 d4 19. cxd4 cxd4 20. fxe5 d3 21. Nf4 d2 22. Qe3 Nxe5 23. Qc3 N7c6 24. Ne3 Kh6 25. Nfd5 Nf3 26. h3 Nce5 27. Ng4+ Nxg4 28. hxg4 g5 29. Rh1+ Kg6 30. Qc5 Rde8 31. Nf4+ Rxf4 32. gxf4 Qxg4+ 33. Kf2 Qxf4 34. Qf5+ Qxf5 35. exf5+ Kxf5 36. Kxf3 g4+ 37. Kf2 Kf4 38. Rxh7 g3+ 39. Kf1 Re1+ 40. Kg2 Rxa1 0-1

[Event "Turkish Second League 2019"]
[Site "Konya"]
[Date "2019.07.26"]
[Round "7"]
[White "Karatas, Kutay"]
[Black "Bicer, Atakan Mert"]
[Result "1/2-1/2"]
[ECO "B99"]
[WhiteElo "1846"]
[BlackElo "1870"]
[Annotator "NA"]
[PlyCount "96"]
[EventDate "2019.07.22"]
[EventType "team-tourn"]
[EventCountry "TUR"]
[SourceTitle "playchess.com"]
[Source "ChessBase"]
[SourceQuality "1"]
[TimeControl "5400+30"]

1. e4 c5 2. Nf3 d6 3. d4 cxd4 4. Nxd4 Nf6 5. Nc3 a6 6. Bg5 e6 7. f4 Be7 8. Qf3 Qc7 9. O-O-O Nbd7 10. g4 b5 11. Bxf6 Nxf6 12. g5 Nd7 13. f5 Nc5 14. f6 gxf6 15. gxf6 Bf8 16. Rg1 b4 17. Nd5 exd5 18. exd5 Bd7 19. Rg7 O-O-O 20. Rxf7 Bh6+ 21. Kb1 Qb6 22. Nc6 Rhf8 23. Rxh7 Bg5 24. f7 Kb7 25. Rg7 Bxc6 26. dxc6+ Qxc6 27. Qf5 Kb8 28. Rxg5 Qe4 29. Qf6 Kc7 30. b3 Qe3 31. Bg2 Rd7 32. Bd5 Rfxf7 33. Bxf7 Ne4 34. Rg3 Qxg3 35. hxg3 Nxf6 36. Be6 Re7 37. Bf5 d5 38. Kb2 Kd6 39. Rf1 Ke5 40. Re1+ Ne4 41. Bxe4 dxe4 42. c3 a5 43. cxb4 axb4 44. a3 bxa3+ 45. Kxa3 Rg7 46. b4 Rxg3+ 47. Ka4 Kd4 48. b5 Ke5 1/2-1/2

[Event "Turkish Second League 2019"]
[Site "Konya"]
[Date "2019.07.26"]
[Round "7"]
[White "Turkmen, Yusuf Cagan"]
[Black "Aydogdu, Cagatay"]
[Result "0-1"]
[ECO "B15"]
[WhiteElo "1796"]
[BlackElo "1845"]
[Annotator "NA"]
[PlyCount "98"]
[EventDate "2019.07.22"]
[EventType "team-tourn"]
[EventCountry "TUR"]
[SourceTitle "playchess.com"]
[Source "ChessBase"]
[SourceQuality "1"]
[TimeControl "5400+30"]

1. d4 g6 2. e4 c6 3. Nc3 d5 4. Nf3 Bg7 5. h3 dxe4 6. Nxe4 Nf6 7. Bd3 Bf5 8. Qe2 Nxe4 9. Bxe4 Bxe4 10. Qxe4 Qd5 11. Qd3 Na6 12. Be3 O-O 13. O-O Rad8 14. Rad1 Qxa2 15. c4 Qa5 16. Qe4 Rfe8 17. Bd2 Qf5 18. Qe3 Nc7 19. Bc3 h5 20. Rd2 Kh7 21. Ng5+ Kg8 22. Nf3 Ne6 23. d5 cxd5 24. Bxg7 Kxg7 25. Rfd1 dxc4 26. Rxd8 Nxd8 27. Qxa7 e5 28. Qa4 Qe6 29. Nd2 Nc6 30. Qxc4 Qd6 31. Qc1 Rd8 32. Qc2 Qd5 33. Kf1 Qb5+ 34. Ke1 Rd4 35. Nf3 Nb4 36. Qe2 Rxd1+ 37. Qxd1 Nd3+ 38. Kf1 Nxb2+ 39. Qe2 Qxe2+ 40. Kxe2 Kf6 41. Kd2 Nc4+ 42. Kc3 Nd6 43. Nd2 Ke6 44. Kb4 Kd5 45. Nf1 b6 46. h4 Kd4 47. Ne3 f5 48. Nc2+ Kd3 49. Ne3 Ke2 0-1

[Event "Turkish Second League 2019"]
[Site "Konya"]
[Date "2019.07.26"]
[Round "7"]
[White "Kara, Gulce Nehir"]
[Black "Ozbek, Busra"]
[Result "1/2-1/2"]
[ECO "B07"]
[WhiteElo "1767"]
[BlackElo "1866"]
[Annotator "NA"]
[PlyCount "88"]
[EventDate "2019.07.22"]
[EventType "team-tourn"]
[EventCountry "TUR"]
[SourceTitle "playchess.com"]
[Source "ChessBase"]
[SourceQuality "1"]
[TimeControl "5400+30"]

1. e4 d6 2. d4 Nf6 3. Nc3 g6 4. g3 c6 5. Bg2 Bg7 6. Nge2 Qc7 7. O-O O-O 8. h3 e5 9. a4 a5 10. Be3 Na6 11. f4 Nb4 12. g4 exf4 13. Bxf4 Be6 14. Qd2 Bc4 15. Bh6 Rae8 16. Rf2 Nd7 17. Bxg7 Kxg7 18. Nd1 c5 19. Ne3 Bxe2 20. Rxe2 cxd4 21. Qxd4+ Ne5 22. Rd1 Rd8 23. c3 Nbc6 24. Qd2 Ne7 25. Rf2 h6 26. Kh1 Qd7 27. b3 b5 28. Qa2 Rb8 29. Qa3 b4 30. cxb4 Rxb4 31. Nc2 Rb6 32. Nd4 Rfb8 33. Nb5 Nc8 34. Qb2 Qe6 35. Rfd2 Kh7 36. Qc3 Rc6 37. Qxa5 Qxb3 38. Nd4 Qg3 39. Nxc6 Nc4 40. Qc7 Nxd2 41. Qxb8 Nf3 42. Bxf3 Qxf3+ 43. Kh2 Qf2+ 44. Kh1 Qf3+ 1/2-1/2

[Event "Turkish Second League 2019"]
[Site "Konya"]
[Date "2019.07.26"]
[Round "7"]
[White "Eken, Atakan"]
[Black "Ozturk, Emir"]
[Result "1/2-1/2"]
[ECO "B07"]
[WhiteElo "1763"]
[BlackElo "2216"]
[Annotator "NA"]
[PlyCount "59"]
[EventDate "2019.07.22"]
[EventType "team-tourn"]
[EventCountry "TUR"]
[SourceTitle "playchess.com"]
[Source "ChessBase"]
[SourceQuality "1"]
[TimeControl "5400+30"]

1. e4 g6 2. d4 Bg7 3. Nf3 d6 4. c3 Nf6 5. Bd3 O-O 6. O-O c6 7. Qe2 d5 8. Nbd2 dxe4 9. Nxe4 Nxe4 10. Bxe4 Bg4 11. h3 Bxf3 12. Bxf3 e6 13. Bf4 Nd7 14. a4 a5 15. Rfe1 Re8 16. Rad1 Nb6 17. Qc2 Nd5 18. Be5 b5 19. Bxg7 Kxg7 20. axb5 cxb5 21. Qb3 Qd7 22. Re5 a4 23. Qc2 Ra6 24. Bxd5 exd5 25. Qd3 Rae6 26. Rde1 Qc6 27. Rxe6 Rxe6 28. Rxe6 fxe6 29. Qe3 Qd6 30. Qe2 1/2-1/2

[Event "Turkish Second League 2019"]
[Site "Konya"]
[Date "2019.07.26"]
[Round "7"]
[White "Zuberoglu, Ibrahim Berk"]
[Black "Erdogmus, Yagiz Kaan"]
[Result "0-1"]
[ECO "A37"]
[WhiteElo "1737"]
[BlackElo "1744"]
[Annotator "NA"]
[PlyCount "76"]
[EventDate "2019.07.22"]
[EventType "team-tourn"]
[EventCountry "TUR"]
[SourceTitle "playchess.com"]
[Source "ChessBase"]
[SourceQuality "1"]
[TimeControl "5400+30"]

1. g3 c5 2. c4 Nc6 3. Bg2 g6 4. Nc3 Bg7 5. Nf3 d6 6. O-O e5 7. d3 Nge7 8. Rb1 O-O 9. a3 h6 10. b4 Rb8 11. e3 f5 12. Qc2 b6 13. Rd1 Bb7 14. Ne2 g5 15. b5 Na5 16. Bd2 Ng6 17. Bxa5 bxa5 18. Rb3 h5 19. d4 e4 20. Ne1 Qe7 21. b6 Bc6 22. bxa7 Qxa7 23. Rxb8 Rxb8 24. Rb1 Rxb1 25. Qxb1 cxd4 26. Nxd4 Bxd4 27. exd4 Qxd4 28. Qb8+ Nf8 29. Qd8 Qd2 30. Kf1 Bd7 31. f4 gxf4 32. Qg5+ Kf7 33. Qxh5+ Ke7 34. Qg5+ Ke8 35. Qxf4 Qd4 36. Qc1 Be6 37. Nc2 Bxc4+ 38. Ke1 Qg1+ 0-1

[Event "Turkish Second League 2019"]
[Site "Konya"]
[Date "2019.07.26"]
[Round "7"]
[White "Ilkbahar, Nimet Seray"]
[Black "Catal, Uktenur"]
[Result "1/2-1/2"]
[ECO "C02"]
[WhiteElo "1531"]
[BlackElo "1885"]
[Annotator "NA"]
[PlyCount "60"]
[EventDate "2019.07.22"]
[EventType "team-tourn"]
[EventCountry "TUR"]
[SourceTitle "playchess.com"]
[Source "ChessBase"]
[SourceQuality "1"]
[TimeControl "5400+30"]

1. e4 e6 2. d4 d5 3. e5 c5 4. c3 Nc6 5. Nf3 Qb6 6. Bd3 Bd7 7. dxc5 Bxc5 8. O-O Be7 9. Qe2 Nh6 10. Nbd2 Nf5 11. Nb3 a5 12. Rd1 a4 13. Nbd2 g5 14. Nf1 g4 15. Ne1 Nh4 16. Qxg4 Nxe5 17. Qg7 Nhg6 18. Bxg6 Nxg6 19. Nf3 Bf8 20. Qf6 Be7 21. Qg7 Bf8 22. Qf6 Be7 23. Qg7 Bf8 24. Qf6 Be7 25. Qg7 Bf8 26. Qf6 Be7 27. Qg7 Bf8 28. Qf6 Be7 29. Qg7 Bf8 30. Qf6 Be7 1/2-1/2

[Event "Turkish Second League 2019"]
[Site "Konya"]
[Date "2019.07.26"]
[Round "7"]
[White "Guclu, Yagmur"]
[Black "Koca, Cisem"]
[Result "1/2-1/2"]
[ECO "B43"]
[WhiteElo "1516"]
[BlackElo "1526"]
[Annotator "NA"]
[PlyCount "81"]
[EventDate "2019.07.22"]
[EventType "team-tourn"]
[EventCountry "TUR"]
[SourceTitle "playchess.com"]
[Source "ChessBase"]
[SourceQuality "1"]
[TimeControl "5400+30"]

1. e4 c5 2. Nf3 e6 3. d4 cxd4 4. Nxd4 a6 5. Nc3 b5 6. Be3 Bb7 7. Bd3 Qc7 8. O-O Nf6 9. f3 Be7 10. Qe2 O-O 11. Rad1 d6 12. Bf2 Nbd7 13. Rfe1 Rac8 14. a3 Ne5 15. f4 Nc4 16. Bxc4 Qxc4 17. h3 Qxe2 18. Rxe2 Nd7 19. e5 d5 20. Ra1 Rc4 21. Na2 Bc5 22. Rd1 Bxd4 23. Bxd4 Rfc8 24. Rdd2 Nb8 25. Be3 R4c7 26. Nb4 Rc4 27. Na2 R4c7 28. Nb4 Rc4 29. Na2 Nd7 30. Kh2 a5 31. c3 Ba6 32. Re1 Re4 33. Rdd1 f6 34. exf6 Nxf6 35. g3 Rc6 36. Bd4 Rxe1 37. Rxe1 Ne4 38. Kg2 Kf7 39. Rd1 Nd6 40. Rd2 Nc4 41. Re2 1/2-1/2